 Dungeon Crawl Stone Soup version 0.30-a0-777-ga9a30cbeda (webtiles) character file.

Game seed: 9914592152590693564

0 DEFE the Cutter (level 1, 0/13 HPs)
             Began as a Demonspawn Wanderer on Feb 14, 2023.
             Slain by a giant cockroach (1 damage)
             ... on level 1 of the Dungeon.
             The game lasted 00:00:05 (26 turns).

DEFE the Cutter (Demonspawn Wanderer)                 Turns: 26, Time: 00:00:06

Health: 0/13       AC:  3    Str: 10    XL:     1   Next: 8%
Magic:  1/1        EV: 12    Int: 11    God:
Gold:   0          SH:  0    Dex: 16    Spells: 0/0 levels left

rFire   . . .      SeeInvis .    a - +2 short sword
rCold   . . .      Faith    .    (no shield)
rNeg    . . .      Spirit   .    e - +0 robe
rPois   .          Reflect  .    (no helmet)
rElec   .          Harm     .    (no cloak)
rCorr   .          Rampage  .    c - +0 pair of gloves
Will    .....                    (no boots)
Stlth   +                        (no amulet)
HPRegen 0.22/turn                (no ring)
MPRegen 0.07/turn                (no ring)

@: no status effects
A: no striking features
a: no special abilities


You were on level 1 of the Dungeon.
You visited 1 branch of the dungeon, and saw 1 of its levels.

Inventory:

Hand Weapons
 a - a +2 short sword (weapon)
 b - a +0 sling
Armour
 c - a +0 pair of gloves (worn)
 e - a +0 robe (worn)
Jewellery
 g - a ring of fire
Potions
 d - a potion of attraction
 f - a potion of degeneration {unknown}


   Skills:
 + Level 3.6 Short Blades
 + Level 1.0 Ranged Weapons
 + Level 1.0 Armour
 + Level 1.7 Dodging
 + Level 2.0 Evocations


You couldn't memorise any spells.
You didn't know any spells.
Your spell library was empty.

Dungeon Overview and Level Annotations

Branches:
Dungeon (1/15)

Altars:


Message History

Found a staircase leading out of the dungeon.
You begin with the following items: a +2 short sword, a +0 sling, a +0 pair of gloves, a potion of attraction, a +0 robe.
Unknown command.
f - a bubbling pink potion A kobold comes into view.
It is wielding a +0 short sword.
You see here a ring of fire.
Unknown command.
You see here a ring of fire.
g - a ring of fire A gnoll comes into view.
It is wielding a +0 club.
Found a stone staircase leading down.
A rat comes into view.
The gnoll shouts!
The kobold shouts!
A giant cockroach comes into view.
Found a dagger.
You hit the kobold but do no damage. You hit the kobold.
Your punch misses the kobold. The kobold hits you but does no damage.
You hit the kobold.
You kill the kobold!
You hit the gnoll but do no damage. The gnoll hits you with a +0 club!
Ouch! That really hurt!
You take 8 damage, and have 5/13 hp.
MASSIVE DAMAGE!!
You hit the gnoll. The giant cockroach barely misses you. The rat bites you.
* * * LOW HITPOINT WARNING * * *
The gnoll closely misses you.
You take 2 damage, and have 3/13 hp.
You are too injured to fight recklessly!
Unknown command.
You hit the gnoll. The giant cockroach barely misses you.
You closely miss the gnoll. The gnoll hits you with a +0 club.
* * * LOW HITPOINT WARNING * * *
The rat barely misses you. The giant cockroach closely misses you.
You are too injured to fight recklessly!
You take 2 damage, and have 1/13 hp.
Unknown command.
You hit the gnoll but do no damage. The gnoll hits you but does no damage.
The rat closely misses you. The giant cockroach bites you.
You die... #...# #...# #...# # #.##...####.# P♣PPP♣PP..##.#.........# .PPPPPPP♣P##.#.........) ♣PP♣♣PPPPP##.#..r).....# ..P♣♣...PP #....@g.....# PPP♣PPPP♣

##....B?....#
#############..........#
.......^...##..........#
..<....................#
...........##.....$....#
#############.#..#####.#


P.P♣PPPP.P #.#..# .# .P♣♣P.P.PP# #.#..# You could see a gnoll, a giant cockroach
and a rat.

Vanquished Creatures
  A kobold (D:1)
1 creature vanquished.

Notes
Turn   | Place    | Note
-------+----------+-------------------------------------------
     0 | D:1      | DEFE the Demonspawn Wanderer began the quest for the Orb.
     0 | D:1      | DEFE set off with the following items: a +2 short sword, a
                  | +0 sling, a +0 pair of gloves, a potion of attraction, a +0
                  | robe.
     0 | D:1      | Reached XP level 1. HP: 13/13 MP: 1/1
    26 | D:1      | Slain by a giant cockroach

Illustrated notes

Levels and vault maps discovered:
D:1:      minmay_arrival_arboretum_large, layout_basic

Action                     || total
---------------------------++-------
  Melee: Short sword       ||     8
 Armour: Robe              ||     2
  Dodge: Dodged            ||     6

Table legend: (Time is in decaauts)
 A = Elapsed time spent in this place.
 B = Non-inter-level travel time spent in this place.
 C = Inter-level travel time spent in this place.
 D = Time resting spent in this place.
 E = Time spent auto-exploring this place.
 F = Levels seen in this place.
 G = Mean time per level.
                   A        B        C        D        E       F      G
               +--------+--------+--------+--------+--------+-----+--------+
         Total |     24 |     24 |      0 |      0 |      9 |   1 |   24.0 |
       Dungeon |     24 |     24 |      0 |      0 |      9 |   1 |   24.0 |
               +--------+--------+--------+--------+--------+-----+--------+

Top non-repeatable levels by time:
     D:1: 24 daAuts
